 Dungeon Crawl Stone Soup version 0.31-a0-851-g7ff8af7976 (webtiles) character file.

Game seed: 16009603584622462235

4040 subawu the Grappler (level 10, -3/67 (76) HPs)
             Began as a Gnoll Shapeshifter on Oct 5, 2023.
             Shot with an arrow by a centaur (7 damage)
             ... on level 8 of the Dungeon.
             The game lasted 00:23:40 (7275 turns).

subawu the Grappler (Gnoll Shapeshifter)            Turns: 7275, Time: 00:23:40

HP:   -3/67 (76)    AC: 12    Str: 17    XL:     10   Next: 24%
MP:   17/17         EV: 14    Int: 16    God:
Gold: 559           SH:  0    Dex: 17    Spells: 15/19 levels left

rFire   . .          .
                       - Unarmed
rCold   . . .        H - melded +0 kite shield
rNeg    . . .        n - +5 ring mail of Zehoj {rPois Regen+ Str+2 Dex-3}
rPois   +            (no helmet)
rElec   .            E - +0 cloak
rCorr   .            (no gloves)
SInv    .            (no boots)
Will    +....        (no amulet)
Stlth   +            x - +6 ring of dexterity
HPRegen 1.11/turn    N - +6 ring of intelligence
MPRegen 0.15/turn

%: no passive effects
@: about to teleport, flux-form, enlightened, flying, glowing, heavily drained
A: glow, contaminating, fangs 1, strong nose, distributed training
a: Begin Untransformation


You were on level 8 of the Dungeon.
You were something dangerously unstable.
You visited 2 branches of the dungeon, and saw 10 of its levels.
You also visited: Sewer.

You collected 559 gold pieces.

Inventory:

Hand Weapons
 r - a +0 whip
 u - a +2 morningstar of holy wrath
 G - a +1 antimagic spear
Missiles
 b - a throwing net
 g - 101 stones (quivered)
Armour
 a - a +0 animal skin
 m - a +1 ring mail
 n - the +5 ring mail of Zehoj (worn) {rPois Regen+ Str+2 Dex-3}
   (You took it off an orc on level 2 of the Dungeon)

   Str+2:     It affects your strength (+2).
   Dex-3:     It affects your dexterity (-3).
   rPois:     It protects you from poison Regen+: It increases your rate of
   health regeneration.
 E - a +0 cloak (worn)
 H - a +0 kite shield (melded)
 J - a +2 scale mail of willpower
Jewellery
 x - a +6 ring of dexterity (left hand)
 M - an amulet of guardian spirit
 N - a +6 ring of intelligence (right hand)
Talismans
 c - a beast talisman
 d - a flux talisman (active)
 K - a maw talisman
Wands
 f - a wand of digging (9)
 q - a wand of flame (20)
 y - a wand of acid (8)
 F - a wand of polymorph (17)
 I - a wand of roots (22)
Scrolls
 e - 2 scrolls of fog
 h - a scroll of fear
 i - a scroll of immolation
 k - 5 scrolls of poison
 l - 4 scrolls of teleportation
 p - 3 scrolls of enchant armour
 t - 2 scrolls of blinking
 A - a scroll of silence {unknown}
 B - a scroll of noise {unknown}
 C - a scroll of revelation
 D - 2 scrolls of vulnerability {unknown}
 L - 2 scrolls of identify
Potions
 j - 4 potions of mutation
 o - a potion of might {unknown}
 s - 2 potions of degeneration
 v - a potion of cancellation
 w - a potion of attraction
 z - a potion of enlightenment


   Skills:
 + Level 5.8 Fighting
 + Level 5.2 Short Blades
 + Level 5.2 Long Blades
 + Level 5.2 Axes
 + Level 5.2 Maces & Flails
 + Level 5.2 Polearms
 + Level 5.2 Staves
 + Level 5.2 Ranged Weapons
 + Level 5.2 Throwing
 + Level 5.2 Armour
 + Level 7.0 Dodging
 + Level 5.2 Stealth
 + Level 5.2 Shields
 + Level 8.4 Unarmed Combat
 + Level 5.2 Spellcasting
 + Level 4.3 Conjurations
 + Level 4.3 Hexes
 + Level 4.3 Summonings
 + Level 4.3 Necromancy
 + Level 4.3 Translocations
 + Level 4.3 Transmutations
 + Level 4.3 Fire Magic
 + Level 4.3 Ice Magic
 + Level 4.3 Air Magic
 + Level 4.3 Earth Magic
 + Level 4.3 Poison Magic
 + Level 5.7 Invocations
 + Level 5.2 Evocations
 + Level 8.1 Shapeshifting


You had 15 spell levels left.
You knew the following spells:

 Your Spells              Type           Power      Damage    Failure   Level
a - Passwall              Tmut/Erth      14%        N/A       7%          2
b - Cigotuvi's Dreadful   Necr/Pois/Air  34%        N/A       7%          2

Your spell library contained the following spells:

 Spells                   Type           Power      Damage    Failure   Level
 Ensorcelled Hibernation  Hex/Ice        34%        N/A       7%          2
 Sublimation of Blood     Necr           17%        N/A       7%          2
 Wereblood                Tmut           17%        N/A       7%          2
 Ignite Poison            Fire/Tmut/Pois 17%        N/A       13%         3
 Swiftness                Air            17%        N/A       13%         3
 Freezing Cloud           Conj/Ice/Air   8%         6-21      77%         5
 Summon Hydra             Summ           8%         N/A       100%        7


Dungeon Overview and Level Annotations

Branches:
Dungeon (9/15)             Temple (1/1) D:7           Sewer (visited)
   Lair: D:8-11         Orc: D:9-12

Altars:
Ashenzari
Dithmenos
Gozag
Kikubaaqudgha
Nemelex Xobeh
Okawaru
Qazlal
Ru
Uskayaw
Vehumet
Wu Jian
The Shining One

Shops:
D:1 [   D:2 *


Innate Abilities, Weirdness & Mutations

You are something dangerously unstable.
You glow with magical radiation, making you easy to see and hit.
Foes you strike become dangerously contaminated with magical radiation.
You are incapable of wielding weapons or throwing items.
You have very sharp teeth.
Your uncanny sense of smell can sniff out nearby items.
Your experience applies equally to all skills.


Message History

The wight hits you with a +0 trident.
You feel drained. The wight hits you but does no damage.
The wight hits you from afar with a +4 halberd!
The centaur shouts!
You hit the wight.
The wight begins to glow.
The wight is heavily damaged.
The wight hits you but does no damage. The wight closely misses you.
The wight hits you but does no damage.
You hit the wight but do no damage.
The wight glows dangerously bright.
The wight is heavily damaged.
The centaur wields a +0 shortbow.
The centaur shoots an arrow.
The arrow hits you but does no damage. The wight barely misses you. x2
The wight hits you from afar with a +4 halberd.
You feel drained.
You hit the wight.
The wight shudders as magic cascades through it!!
You destroy the wight!
The centaur shoots an arrow.
The arrow hits you!
* * * LOW HITPOINT WARNING * * *
The wight hits you from afar with a +4 halberd!
* * * LOW HITPOINT WARNING * * *
You feel drained.
* * * LOW HITPOINT WARNING * * *
The wight hits you with a +0 trident.
* * * LOW HITPOINT WARNING * * *
You feel drained.
* * * LOW HITPOINT WARNING * * *
The centaur shoots an arrow.
The arrow hits you.
* * * LOW HITPOINT WARNING * * *
It was a potion of enlightenment.
You feel very buoyant.
You fly up into the air.
The wight stops glowing.
The wight barely misses you. The wight hits you with a +0 trident.
* * * LOW HITPOINT WARNING * * *
You feel drained.
As you read the scroll of teleportation, it crumbles to dust.
You feel strangely unstable.
The centaur shoots an arrow.
The arrow hits you but does no damage. The wight misses you.
The wight closely misses you.
The centaur shoots an arrow.
The arrow hits you!
You die...

...##.# #.#
#####.# #.#
#.# ###.#
#.# ###...#
#.#
##.#....####
.#
...........#
#######'##.#
#......z.# #
#....)p).#
#........#
#.....z..#
#........#
#.c......#
#........#
#........#
##'#######


You could see a centaur and 2 wights.

Vanquished Creatures
  Pikel (D:4)
  Duvessa (D:6)
  2 water moccasins
  A sky beast (D:6)
  2 ice beasts (D:7)
  An orc warrior (D:8)
  2 ogres
  4 centaurs
  A lemure (D:4)
  2 phantoms
  2 kobold brigands
  4 bullfrogs
  2 gnoll sergeants
  4 scorpions
  10 wights
  Dowan (D:6)
  6 killer bees (D:8)
  3 howler monkeys
  2 sleepcaps
  A gnoll bouda (D:4)
  An iguana (D:6)
  2 orc wizards
  17 gnolls
  13 adders
  A white imp (D:6)
  An ufetubus (D:6)
  A worm (D:2)
  5 dart slugs
  12 orcs
  17 endoplasms
  20 giant cockroaches
  6 goblins
  9 hobgoblins
  3 jackals (D:4)
  19 kobolds
  10 quokkas
  15 ball pythons
  8 bats
  10 frilled lizards
  9 rats
231 creatures vanquished.

Notes
Turn   | Place    | Note
-------+----------+-------------------------------------------
     0 | D:1      | subawu the Gnoll Shapeshifter began the quest for the Orb.
     0 | D:1      | Reached XP level 1. HP: 17/17 MP: 1/1
   239 | D:1      | Reached XP level 2. HP: 23/23 MP: 2/2
   597 | D:1      | Found Enuuth's Armour Shoppe.
   800 | D:1      | Reached XP level 3. HP: 22/28 MP: 3/3
   840 | D:1      | HP: 1/28 [hobgoblin (2)]
   846 | D:1      | HP: 1/28 [bat (1)]
   900 | D:1      | HP: 1/28 [dart slug (1)]
   902 | D:1      | Reached skill level 1 in Invocations
  1585 | D:2      | Found Wamautec's Assorted Antiques.
  1615 | D:2      | Identified the +5 ring mail of Zehoj {rPois Regen+ Str+2
                  | Dex-3}
  1667 | D:2      | Reached skill level 1 in Short Blades
  1667 | D:2      | Reached skill level 1 in Long Blades
  1667 | D:2      | Reached skill level 1 in Axes
  1667 | D:2      | Reached skill level 1 in Maces & Flails
  1667 | D:2      | Reached skill level 1 in Polearms
  1667 | D:2      | Reached skill level 1 in Staves
  1667 | D:2      | Reached skill level 1 in Ranged Weapons
  1667 | D:2      | Reached skill level 1 in Throwing
  1667 | D:2      | Reached skill level 1 in Armour
  1667 | D:2      | Reached skill level 1 in Stealth
  1667 | D:2      | Reached skill level 1 in Shields
  1667 | D:2      | Reached skill level 1 in Spellcasting
  1667 | D:2      | Reached skill level 1 in Evocations
  1907 | D:2      | Reached XP level 4. HP: 34/34 MP: 5/5
  2217 | D:3      | Found a faded altar of an unknown god.
  2485 | D:3      | Reached skill level 1 in Conjurations
  2485 | D:3      | Reached skill level 1 in Hexes
  2485 | D:3      | Reached skill level 1 in Summonings
  2485 | D:3      | Reached skill level 1 in Necromancy
  2485 | D:3      | Reached skill level 1 in Translocations
  2485 | D:3      | Reached skill level 1 in Transmutations
  2485 | D:3      | Reached skill level 1 in Fire Magic
  2485 | D:3      | Reached skill level 1 in Ice Magic
  2485 | D:3      | Reached skill level 1 in Air Magic
  2485 | D:3      | Reached skill level 1 in Earth Magic
  2485 | D:3      | Reached skill level 1 in Poison Magic
  2525 | D:4      | Found a glowing drain.
  2566 | Sewer    | Entered a sewer
  2618 | Sewer    | Reached XP level 5. HP: 40/40 MP: 5/7
  2949 | Sewer    | Reached XP level 6. HP: 39/47 MP: 8/8
  2953 | Sewer    | Reached skill level 5 in Dodging
  3102 | D:4      | Found a hide-covered altar of Uskayaw.
  3184 | D:4      | Reached XP level 7. HP: 52/52 MP: 10/10
  3282 | D:4      | Noticed Pikel
  3302 | D:4      | Killed Pikel
  3303 | D:4      | Reached XP level 8. HP: 45/60 MP: 10/12
  3998 | D:5      | Entered Level 5 of the Dungeon
  4320 | D:5      | Found a broken altar of Ashenzari.
  4821 | D:6      | Reached XP level 9. HP: 59/66 MP: 14/14
  4927 | D:6      | Noticed Dowan
  4927 | D:6      | Noticed Duvessa
  4933 | D:6      | Killed Dowan
  5041 | D:6      | Killed Duvessa
  5143 | D:6      | HP: 2/67 [gnoll/+0 halberd[a gnoll sergeant] (3)]
  5762 | D:7      | Reached skill level 5 in Fighting
  6123 | D:7      | Learned a level 2 spell: Passwall
  6126 | D:7      | Learned a level 2 spell: Cigotuvi's Dreadful Rot
  6128 | D:7      | Found a staircase to the Ecumenical Temple.
  6147 | Temple   | Entered the Ecumenical Temple
  6211 | D:7      | Found an ornate altar of the Wu Jian Council.
  6316 | D:7      | Reached skill level 5 in Invocations
  6746 | D:8      | Reached XP level 10. HP: 67/73 MP: 17/17
  6834 | D:8      | Reached skill level 5 in Short Blades
  6834 | D:8      | Reached skill level 5 in Long Blades
  6834 | D:8      | Reached skill level 5 in Axes
  6834 | D:8      | Reached skill level 5 in Maces & Flails
  6834 | D:8      | Reached skill level 5 in Polearms
  6834 | D:8      | Reached skill level 5 in Staves
  6834 | D:8      | Reached skill level 5 in Ranged Weapons
  6834 | D:8      | Reached skill level 5 in Throwing
  6834 | D:8      | Reached skill level 5 in Armour
  6834 | D:8      | Reached skill level 5 in Stealth
  6834 | D:8      | Reached skill level 5 in Shields
  6834 | D:8      | Reached skill level 5 in Spellcasting
  6834 | D:8      | Reached skill level 5 in Evocations
  7273 | D:8      | HP: 3/67 [centaur/arrow (1)]
  7275 | D:8      | Shot with an arrow by a centaur

Illustrated notes

Levels and vault maps discovered:
D:1:      dpeg_arrival_boxorama, layout_basic, serial_shops,
          nicolae_shop_peninsula, minmay_vboxes
D:2:      layout_basic, serial_shops, nicolae_shop_statue_plus
D:3:      layout_basic, chequers_ecumenical_altar_island
D:4:      minmay_evil_eye, layout_gridville, mainiacjoe_overflow_24_doors,
          portal_sewer_entry_a, grunt_decor_clamped, kennysheep_generic_room_15,
          uniq_pikel
D:5:      layout_loops_ring, ashenzari_conservatory_becter
D:6:      layout_loops_corners, uniq_duvessa
D:7:      layout_gridville, nzn_wu_jian_contemplation, minmay_temple_entry_ruins
D:8:      layout_loops_ring, minivault_25
D:9:      layout_small_grid, makhleb_altar_promises_db,
          nicolae_overflow_squiral, uniq_psyche
Temple:   hellmonk_temple_rainy

Skill      XL: |  1  2  3  4  5  6  7  8  9 10 |
---------------+-------------------------------+-----
Invocations    | 1 2 3 4 5 |  5.7
Short Blades   | 1 2 3 4 5 |  5.2
Long Blades    | 1 2 3 4 5 |  5.2
Axes           | 1 2 3 4 5 |  5.2
Maces & Flails | 1 2 3 4 5 |  5.2
Polearms       | 1 2 3 4 5 |  5.2
Staves         | 1 2 3 4 5 |  5.2
Ranged Weapons | 1 2 3 4 5 |  5.2
Throwing       | 1 2 3 4 5 |  5.2
Armour         | 1 2 3 4 5 |  5.2
Stealth        | 1 2 3 4 5 |  5.2
Shields        | 1 2 3 4 5 |  5.2
Spellcasting   | 1 2 3 4 5 |  5.2
Evocations     | 1 2 3 4 5 |  5.2
Conjurations   | 1 2 3 4 |  4.3
Hexes          | 1 2 3 4 |  4.3
Summonings     | 1 2 3 4 |  4.3
Necromancy     | 1 2 3 4 |  4.3
Translocations | 1 2 3 4 |  4.3
Transmutations | 1 2 3 4 |  4.3
Fire Magic     | 1 2 3 4 |  4.3
Ice Magic      | 1 2 3 4 |  4.3
Air Magic      | 1 2 3 4 |  4.3
Earth Magic    | 1 2 3 4 |  4.3
Poison Magic   | 1 2 3 4 |  4.3
Fighting       | 3 4 5 |  5.8
Dodging        | 5 6 7 |  7.0
Unarmed Combat | 7 8 |  8.4
Shapeshifting  | 7 8 |  8.1

Action                     |  1- 3 |  4- 6 |  7- 9 | 10-12 || total
---------------------------+-------+-------+-------+-------++-------
  Melee: Unarmed           |    86 |   233 |   369 |   120 ||   808
         Punch             |     2 |     3 |     3 |       ||     8
         Bite              |     5 |    13 |    61 |    20 ||    99
  Evoke: Wand              |       |       |     4 |       ||     4
    Use: Potion            |       |     1 |     2 |     2 ||     5
         Scroll            |       |       |    14 |     3 ||    17
 Armour: Animal skin       |    42 |       |       |       ||    42
         Ring mail         |    17 |   188 |   327 |   138 ||   670
         Skin              |       |    26 |     3 |       ||    29
  Dodge: Dodged            |    97 |   159 |   288 |   160 ||   704
   Form: Flux              |       |       |     1 |     1 ||     2
                           |       |       |       |     1 ||     1

Table legend: (Time is in decaauts)
 A = Elapsed time spent in this place.
 B = Non-inter-level travel time spent in this place.
 C = Inter-level travel time spent in this place.
 D = Time resting spent in this place.
 E = Time spent auto-exploring this place.
 F = Levels seen in this place.
 G = Mean time per level.
                   A        B        C        D        E       F      G
               +--------+--------+--------+--------+--------+-----+--------+
         Total |   7283 |   7046 |    237 |    689 |   3713 |  11 |  662.1 |
       Dungeon |   6755 |   6518 |    237 |    689 |   3668 |   9 |  750.6 |
        Temple |     25 |     25 |      0 |      0 |      0 |   1 |   25.0 |
         Sewer |    502 |    502 |      0 |      0 |     45 |   1 |  502.0 |
               +--------+--------+--------+--------+--------+-----+--------+

Top non-repeatable levels by time:
     D:1: 1415 daAuts
     D:6: 1061 daAuts
     D:4: 1028 daAuts
     D:7: 863 daAuts
     D:5: 683 daAuts
     D:2: 588 daAuts
     D:8: 573 daAuts
     D:3: 512 daAuts
   Sewer: 502 daAuts
     D:9: 29 daAuts
  Temple: 25 daAuts
